 Dungeon Crawl Stone Soup version 0.21.1-1-g345015f (webtiles) character file.

57206 Fang the Severer (level 14, -1/92 HPs)
             Began as a Gargoyle Berserker on May 15, 2018.
             Was the Champion of Trog.
             Slain by a fire crab (6 damage)
             ... on level 4 of the Lair of Beasts.
             The game lasted 00:33:10 (17824 turns).

Fang the Severer (Gargoyle Berserker)              Turns: 17824, Time: 00:33:11

Health: -1/92      AC: 19    Str: 31    XL:     14   Next: 85%
Magic:  0/14       EV: 15    Int:  5    God:    Trog [******]
Gold:   1002       SH:  0    Dex:  9    Spells: 13/13 levels left

rFire    + . .     SeeInvis +   G - +8 war axe of Irritation {drain, *Contam Str+4}
rCold    + . .     Gourm    .   (no shield)
rNeg     + . .     Faith    .   q - +3 leather armour of the Armoured One {rPois Slay+2}
rPois    ∞         Spirit   +   a - +2 hat
rElec    +         Reflect  .   (no cloak)
rCorr    +         Harm     .   (no gloves)
MR       +....     Rnd*Rage +   (no boots)
Stlth    ++++......             v - amulet of guardian spirit
HPRegen  0.25/turn              z - ring of stealth
MPRegen  0.14/turn              l - ring of see invisible

@: resistant, berserk cooldown, slowed, very slow
A: big wings, berserk 1, dopey 1, negative energy resistance 1, electricity
resistance, unbreathing, petrification resistance, rot immunity, AC +10
a: Fly, Berserk, Trog's Hand, Brothers in Arms, Burn Spellbooks, Renounce
Religion


You were on level 4 of the Lair of Beasts.
You worshipped Trog.
Trog was exalted by your worship.
You were not hungry.

You visited 2 branches of the dungeon, and saw 18 of its levels.
You also visited: Ice Cave and Volcano.

You collected 1002 gold pieces.

Inventory:

Hand Weapons
 t - the +3 broad axe "Esujith" {pain, rF+ Int+2 Dex+4}
   (You acquired it on level 7 of the Dungeon)

   In the hands of one skilled in necromantic magic, it inflicts extra damage on
   living creatures.
   It affects your intelligence (+2).
   It affects your dexterity (+4).
   It protects you from fire.
 G - the +8 war axe of Irritation (weapon) {drain, *Contam Str+4}
   (You found it on level 11 of the Dungeon)

   A truly terrible weapon, it drains the life of those it strikes.
   It affects your strength (+4).
   It causes magical contamination when unequipped.
 I - a +5 executioner's axe of chopping
 J - a +4 battleaxe of draining
Armour
 a - a +2 hat (worn)
 q - the +3 leather armour of the Armoured One (worn) {rPois Slay+2}
   (You found it on level 4 of the Dungeon)

   It affects your accuracy and damage with ranged weapons and melee attacks
   (+2).
   It protects you from poison.
Jewellery
 l - a ring of see invisible (right hand)
 v - an amulet of guardian spirit (around neck)
 z - a ring of stealth (left hand)
 B - a +3 ring of strength
Wands
 b - a wand of flame (30)
 k - a wand of clouds (5)
 p - a wand of paralysis (27)
 w - a wand of enslavement (23)
 y - a wand of random effects (35)
 A - a wand of acid (9)
 E - a wand of disintegration (22)
 H - a wand of digging (22)
 K - a wand of polymorph (10)
Scrolls
 g - 7 scrolls of teleportation
 h - 11 scrolls of remove curse
 o - 2 scrolls of identify
 r - 2 scrolls of blinking
 s - 2 scrolls of fog
 u - 4 scrolls of enchant armour
 x - a scroll of magic mapping
Potions
 d - 2 potions of resistance
 e - 3 potions of flight
 f - 3 potions of curing
 i - 5 potions of might
 m - a potion of brilliance
 n - 4 potions of berserk rage
 D - a potion of invisibility
 F - a potion of lignification
Miscellaneous
 C - a lamp of fire
Comestibles
 c - 27 rations


   Skills:
 + Level 12.4 Fighting
 + Level 15.1 Axes
   Level 6.7 Staves
 + Level 6.4 Armour
 + Level 8.1 Dodging
 + Level 8.6 Stealth
   Level 2.0 Shields


You had 13 spell levels left.
You didn't know any spells.

Dungeon Overview and Level Annotations

Branches:
Dungeon (14/15) Temple (0/1) D:7 Lair (4/6) D:10 Spider (0/4) Lair:2 Orc (0/2) D:11 Vaults (0/5) D:13 D:14 Swamp: Lair:2-4 Shoals: Lair:2-4

Altars:
Wu Jian
Beogh

Shops:
D:6 :   D:10 !((**

Portals:
Trove: D:10 (give Fen Folio)

Annotations:
Lair:2 exclusion: oklob plant


Innate Abilities, Weirdness & Mutations

You are resistant to torment.
Your stone body is resilient. (AC +10)
You are immune to poison.
Your large and strong wings let you fly indefinitely.
You resist negative energy. (rN+)
You are resistant to electric shocks. (rElec)
You can survive without breathing.
You are immune to petrification.
You are immune to rotting.
You tend to lose your temper in combat.
You are dopey. (Int -2)


Message History

You completely miss the fire crab.
You are engulfed in blazing flames.
You resist.
* * * LOW HITPOINT WARNING * * *
The fire crab barely misses you. The fire crab claws you!
* * * LOW HITPOINT WARNING * * *
You are engulfed in flames.
You resist.
* * * LOW HITPOINT WARNING * * *
The fire crab bites you but does no damage.
The fire crab misses you.
A fire crab comes into view.
You feel better.
You are engulfed in blazing flames.
You resist.
* * * LOW HITPOINT WARNING * * *
The fire crab bites you but does no damage.
The fire crab claws you but does no damage.
You feel better.
The fire crab bites you but does no damage.
The fire crab misses you. The fire crab bites you.
* * * LOW HITPOINT WARNING * * *
You are engulfed in flames.
You resist.
You die...

##P...# #.# #........ ##...#
#÷# #........ #....###.#
#........ ##....##†# #........
#.....#.# #........ #.....#.#
#........ #...#.#.# #....###.
##P..#.#÷############.#....####
#P...#.#.††.÷.@t.$.t..#.....#
#.P....################....###
#...##..########P..........#.#
##...#..##.#.P#P............##
#########.................##
##.P..............####
###P.#.>..........##.
####.....#.#.......
##..P####.......


You could see 2 fire crabs.

Vanquished Creatures
  An entropy weaver (Lair:4)
  A fire dragon (D:13)
  Fannar (Lair:2)
  3 hydras
  8 two-headed ogres
  Erica (Lair:2)
  4 death yaks (Lair:4)
  The ghost of bande the Cleaver, a novice GrFi of Okawaru (D:9)
  The ghost of bnns the Magician, a novice GnSk of Cheibriados (D:7)
  2 fire crabs (Lair:4)
  An unseen horror (D:11)
  2 orc knights
  2 black mambas (Lair:3)
  Joseph (D:7)
  6 spiny frogs
  2 rime drakes (D:11)
  A torpor snail (Lair:4)
  A kobold demonologist (D:13)
  A polar bear (Lair:4)
  A queen bee (D:9)
  3 trolls
  Grinder (D:6)
  A hornet (D:13)
  4 slime creatures (D:13)
  15 blink frogs
  10 hippogriffs
  A wyvern (D:9)
  A tarantella (Lair:2)
  23 yaks
  2 basilisks (Lair:3)
  2 hungry ghosts
  5 vampire mosquitoes
  16 humans (D:13)
  3 fire bats (Lair:4)
  Duvessa (D:6)
  4 water moccasins
  3 ice beasts
  4 porcupines
  3 sky beasts
  A hornet zombie (D:12)
  9 orc warriors
  A phantom (D:8)
  A black bear (shapeshifter) (D:13)
  5 ogres
  2 black bears
  3 boggarts (D:13)
  2 centaurs
  5 big kobolds
  4 crocodiles
  Blork the orc (D:6)
  16 bullfrogs
  A wyvern zombie (D:6)
  Dowan (D:6)
  A wyvern skeleton (D:13)
  4 scorpions
  16 killer bees (D:9)
  A howler monkey (D:4)
  3 wights (D:11)
  An electric eel (Lair:2)
  2 bullfrog zombies
  6 crimson imps
  Crazy Yiuf (D:4)
  A quasit (D:8)
  4 jellies
  A bullfrog skeleton (D:8)
  5 hounds
  2 centaur skeletons
  8 orc priests
  9 orc wizards
  Terence (D:3)
  An iguana (D:9)
  5 worker ants
  A hound skeleton (D:10)
  2 hound zombies
  A worker ant zombie (D:5)
  13 adders
  A howler monkey skeleton (D:4)
  8 shadow imps
  2 white imps (IceCv)
  4 ufetubi (IceCv)
  An ooze (D:4)
  2 adder skeletons
  An adder zombie (D:4)
  3 worms
  5 dart slugs
  4 leopard geckos
  50 orcs
  7 giant cockroaches
  7 hobgoblins
  10 jackals
  2 quokkas
  4 bats
  7 frilled lizards
  9 goblins
  28 kobolds
  A leopard gecko zombie (D:6)
  9 rats
  A bush (Lair:4)
  2 fungi (Lair:4)
  A plant (Lair:4)
453 creatures vanquished.

Vanquished Creatures (collateral kills)
  An ogre (D:10)
1 creature vanquished.

Vanquished Creatures (others)
  2 white imps (IceCv)
  6 ufetubi (IceCv)
  7 fungi
  A plant (D:10)
16 creatures vanquished.

Grand Total: 470 creatures vanquished

Notes
Turn   | Place    | Note
-------+----------+-------------------------------------------
     0 | D:1      | Fang the Gargoyle Berserker began the quest for the Orb.
     0 | D:1      | Reached XP level 1. HP: 14/14 MP: 1/1
    85 | D:1      | Reached XP level 2. HP: 19/19 MP: 2/2
   245 | D:1      | Reached skill level 3 in Axes
   711 | D:1      | Reached ** piety under Trog
   711 | D:1      | Reached XP level 3. HP: 20/24 MP: 3/3
  1139 | D:2      | Reached XP level 4. HP: 25/29 MP: 4/4
  2055 | D:3      | Noticed Terence
  2069 | D:3      | Killed Terence
  2069 | D:3      | Reached skill level 4 in Axes
  2069 | D:3      | Reached XP level 5. HP: 25/33 MP: 5/5
  2231 | D:3      | Reached *** piety under Trog
  2868 | D:4      | Got a heavily runed leather armour
  2879 | D:4      | Identified the +3 leather armour of the Armoured One {rPois Slay+2} (You found it on level 4 of the Dungeon)
  2918 | D:4      | Noticed an ogre
  2928 | D:4      | Reached skill level 1 in Shields
  2928 | D:4      | Reached XP level 6. HP: 39/39 MP: 6/6
  3335 | D:4      | Found a runed door.
  3761 | D:4      | Noticed Crazy Yiuf
  3768 | D:4      | Killed Crazy Yiuf
  3768 | D:4      | Reached skill level 5 in Axes
  3768 | D:4      | Reached skill level 1 in Stealth
  3818 | D:5      | Entered Level 5 of the Dungeon
  4008 | D:5      | Reached XP level 7. HP: 44/44 MP: 7/7
  4134 | D:5      | Reached skill level 1 in Staves
  4490 | D:6      | Noticed Blork the orc
  4499 | D:6      | Killed Blork the orc
  4506 | D:6      | Noticed Grinder
  4516 | D:6      | Killed Grinder
  4519 | D:6      | Reached XP level 8. HP: 48/48 MP: 8/8
  4583 | D:6      | Reached skill level 5 in Fighting
  4597 | D:6      | Found Tuokud's Book Emporium.
  4689 | D:6      | Noticed Duvessa
  4689 | D:6      | Noticed Dowan
  4697 | D:6      | Killed Duvessa
  4697 | D:6      | Reached **** piety under Trog
  4698 | D:6      | Killed Dowan
  4832 | D:6      | Reached skill level 5 in Staves
  5578 | D:7      | Noticed Joseph
  5593 | D:7      | Killed Joseph
  5593 | D:7      | Reached XP level 9. HP: 37/55 MP: 5/9
  5625 | D:7      | Identified a scroll of acquirement
  5628 | D:7      | Got a faintly glowing broad axe
  5629 | D:7      | Identified the +3 broad axe "Esujith" {pain, rF+ Int+2 Dex+4} (You acquired it on level 7 of the Dungeon)
  5761 | D:7      | Noticed bnns's ghost (novice GnSk)
  5771 | D:7      | Killed bnns's ghost
  5771 | D:7      | Reached skill level 6 in Axes
  6080 | D:7      | Found a staircase to the Ecumenical Temple.
  6169 | D:8      | Reached ***** piety under Trog
  6341 | D:8      | Got an ancient brass ring
  6349 | D:8      | Noticed a two-headed ogre
  6355 | D:8      | Killed a two-headed ogre
  6355 | D:8      | Reached skill level 7 in Axes
  6355 | D:8      | Reached skill level 5 in Armour
  6355 | D:8      | Reached XP level 10. HP: 61/61 MP: 6/10
  6691 | D:8      | Reached skill level 8 in Axes
  6691 | D:8      | Reached skill level 5 in Dodging
  6913 | D:9      | Identified the ring of Xoaleu {*Tele rC++ Dex+3 Slay+3} (You found it on level 8 of the Dungeon)
  7076 | D:10     | Entered Level 10 of the Dungeon
  7220 | D:10     | Reached skill level 9 in Axes
  7502 | D:10     | Received a gift from Trog
  7642 | D:9      | Found an ornate altar of the Wu Jian Council.
  7646 | D:9      | Noticed bande's ghost (novice GrFi)
  7657 | D:9      | Killed bande's ghost
  7657 | D:9      | Reached XP level 11. HP: 68/68 MP: 8/11
  7779 | D:9      | Noticed a two-headed ogre
  7787 | D:9      | Killed a two-headed ogre
  7790 | D:9      | Reached skill level 10 in Axes
  8036 | D:10     | Found Suwk's Assorted Antiques.
  8043 | D:10     | Found Mouloeru's Antique Weapon Boutique.
  8071 | D:10     | Found Leorid's Distillery.
  8085 | D:10     | Found Diles's Assorted Antiques.
  8121 | D:10     | Noticed a two-headed ogre
  8133 | D:10     | Killed a two-headed ogre
  8366 | D:10     | Reached skill level 5 in Stealth
  8485 | D:10     | Noticed a five-headed hydra
  8485 | D:10     | Noticed a deep troll
  8486 | D:10     | Noticed a cyclops
  8490 | D:10     | Noticed a two-headed ogre
  8491 | D:10     | Noticed a green ugly thing
  8579 | D:10     | Found Tavievit's Antique Weapon Boutique.
  8632 | D:10     | Found a portal to a secret trove of treasure.
  8653 | D:10     | Found a staircase to the Lair.
  9200 | D:11     | Noticed an unseen horror
  9221 | D:11     | Killed an unseen horror
  9330 | D:11     | Found a frozen archway.
  9349 | IceCv    | Entered an ice cave
  9483 | D:11     | Noticed a six-headed hydra
  9495 | D:11     | Killed a 13-headed hydra
  9495 | D:11     | Reached skill level 11 in Axes
  9692 | D:11     | Noticed an orc knight
  9716 | D:11     | Killed an orc knight
 10351 | D:11     | Found a staircase to the Orcish Mines.
 10353 | D:11     | Found a roughly hewn altar of Beogh.
 10373 | D:11     | Got a crystal war axe
 10374 | D:11     | Identified the +8 war axe of Irritation {drain, *Contam Str+4} (You found it on level 11 of the Dungeon)
 10562 | D:12     | Reached XP level 12. HP: 76/76 MP: 10/12
 10565 | D:12     | Received a gift from Trog
 10602 | D:12     | Gained mutation: You are dopey. (Int -2) [mutagenic glow]
 11281 | D:13     | Reached ****** piety under Trog
 11321 | D:13     | Noticed a two-headed ogre
 11327 | D:13     | Killed a two-headed ogre
 11502 | D:13     | Reached skill level 12 in Axes
 11504 | D:13     | Noticed a two-headed ogre
 11513 | D:13     | Killed a two-headed ogre
 11628 | D:13     | Found an ornate altar of the Wu Jian Council.
 11756 | D:13     | Noticed a two-headed ogre
 11765 | D:13     | Killed a two-headed ogre
 12490 | Lair:1   | Entered Level 1 of the Lair of Beasts
 12677 | Lair:1   | Reached skill level 10 in Fighting
 13145 | Lair:1   | Reached skill level 13 in Axes
 13145 | Lair:1   | Reached XP level 13. HP: 66/84 MP: 10/13
 13797 | Lair:2   | Noticed Erica
 13805 | Lair:2   | Killed Erica
 14015 | Lair:2   | Found a hole to the Spider Nest.
 14022 | Lair:2   | Gained mutation: Your large and strong wings let you fly indefinitely. [Gargoyle growth]
 14022 | Lair:2   | Reached XP level 14. HP: 90/90 MP: 14/14
 14040 | Lair:2   | Noticed Fannar
 14054 | Lair:2   | Killed Fannar
 14555 | D:14     | Found a gate to the Vaults.
 14818 | D:13     | Received a gift from Trog
 14982 | D:13     | Reached skill level 14 in Axes
 15245 | D:13     | Gained mutation: You tend to lose your temper in combat. [mutagenic glow]
 17031 | Lair:4   | Found a dark tunnel.
 17047 | Volcano  | Entered a volcano
 17499 | Lair:4   | Found a runed door.
 17801 | Lair:4   | Noticed an entropy weaver
 17806 | Lair:4   | Reached skill level 15 in Axes
 17813 | Lair:4   | Killed an entropy weaver
 17824 | Lair:4   | Slain by a fire crab

Skill      XL: |  1  2  3  4  5  6  7  8  9 10 11 12 13 14 |
---------------+-------------------------------------------+-----
Axes           | 3 4 5 7 9 11 13 15 | 15.1
Fighting       | 4 5 6 7 9 10 11 12 | 12.4
Dodging        | 2 3 4 5 6 7 8 |  8.1
Shields        | 1 2 |  2.0
Stealth        | 1 2 3 4 5 8 |  8.6
Staves         | 3 6 |  6.7
Armour         | 3 5 6 |  6.4

Action                   |  1- 3 |  4- 6 |  7- 9 | 10-12 | 13-15 || total
-------------------------+-------+-------+-------+-------+-------++-------
Melee: Hand axe          |   104 |   198 |       |       |       ||   302
       Quarterstaff      |       |    15 |    98 |       |       ||   113
       Broad axe         |       |       |   109 |   319 |       ||   428
       War axe           |       |       |       |   135 |   262 ||   397
Invok: Berserk           |     2 |     4 |     5 |    14 |     7 ||    32
       Burn Spellbooks   |       |       |     1 |     3 |       ||     4
  Use: Scroll            |       |    11 |     8 |     6 |     3 ||    28
       Potion            |       |       |     1 |     7 |     6 ||    14
 Stab: Sleeping          |     1 |       |     2 |    14 |     7 ||    24
       Petrifying        |       |       |     1 |       |       ||     1
  Eat: Chunk             |     3 |     6 |    11 |    30 |    12 ||    62
       Ration            |       |     2 |       |     2 |     3 ||     7
Armor: Animal skin       |    26 |    46 |       |       |       ||    72
       Leather armour    |       |    19 |   121 |   258 |   139 ||   537
Dodge: Dodged            |    76 |    82 |   165 |   390 |   217 ||   930
Block: Large shield      |       |    75 |       |       |       ||    75
